 Dungeon Crawl Stone Soup version 0.31.0-1-g2c135a0 (webtiles) character file.

Game seed: 1325961279129478983

29 jagoly the Trooper (level 3, -1/23 HPs)
             Began as a Gargoyle Monk on Feb 1, 2024.
             Slain by a ribbon worm (6 damage)
             ... on level 3 of the Dungeon.
             The game lasted 00:01:41 (196 turns).

jagoly the Trooper (Gargoyle Monk)                   Turns: 196, Time: 00:01:42

Health: -1/23      AC:  5    Str: 16    XL:     3   Next: 16%
Magic:  3/3        EV: 12    Int: 10    God:
Gold:   10         SH:  0    Dex: 12    Spells: 2/2 levels left

rFire   . . .        a - +0 hand axe
rCold   . . .        d - orb {light}
rNeg    + . .        b - +0 robe
rPois   ∞            (no helmet)
rElec   +            (no cloak)
rCorr   .            (no gloves)
SInv    .            (no boots)
Will    .....        (no amulet)
Stlth   +            (no ring)
HPRegen 0.23/turn    (no ring)
MPRegen 0.08/turn

%: no passive effects
@: glowing
A: sickness immunity, AC +3, negative energy resistance 1, electricity
resistance, torment resistance 1, petrification resistance
a: no special abilities


You were on level 3 of the Dungeon.
You visited 1 branch of the dungeon, and saw 3 of its levels.

You collected 10 gold pieces.

Inventory:

Hand Weapons
 a - a +0 hand axe (weapon)
 g - a +0 sling
Armour
 b - a +0 robe (worn)
 d - an orb of light (worn)
Scrolls
 h - a scroll of blinking {unknown}
Potions
 c - a potion of ambrosia
 e - a potion of enlightenment {unknown}
 f - a potion of curing {unknown}
 i - a potion of heal wounds {unknown}


   Skills:
 + Level 3.5 Fighting
 * Level 3.1 Axes
 + Level 1.0 Armour
 + Level 2.6 Dodging
 - Level 1.0 Stealth


You had 2 spell levels left.
You didn't know any spells.
Your spell library contained the following spells:

 Spells                   Type           Power      Damage    Failure   Level
 Summon Small Mammal      Summ           0%         N/A       36%         1
 Call Canine Familiar     Summ           0%         N/A       75%         3
 Summon Blazeheart Golem  Fire/Summ      0%         N/A       98%         4


Dungeon Overview and Level Annotations

Branches:
Dungeon (3/15) Zot: 17794

Altars:


Innate Abilities, Weirdness & Mutations

You are immune to sickness and miasma.
Your stone body is resilient. (AC +3)
You are immune to poison.
You resist negative energy. (rN+)
You are resistant to electric shocks. (rElec)
You are resistant to unholy torment.
You are immune to petrification.


Message History

Welcome, jagoly the Gargoyle Monk.
Below lies the Orb of Zot, rumoured to be powerful enough to resurrect a god...
Press ? for a list of commands and other information.
Found 10 gold pieces and a sapphire potion.
Found a staircase leading out of the dungeon.
You now have 10 gold pieces.
e - a sapphire potion
Found a fizzy green potion.
f - a fizzy green potion
Found a stone staircase leading down.
There is a stone staircase leading down here.
You climb downwards.
There is a stone staircase leading up here.
You climb upwards.
There is a stone staircase leading down here.
A rat comes into view.
A hobgoblin comes into view.
The hobgoblin shouts!
You hear a loud squeak.
The rat barely misses you.
A rat comes into view.
You barely miss the rat.
The rat squeaks loudly.
The rat bites you but does no damage.
You hit the rat but do no damage. The rat bites you but does no damage.
You hit the rat.
You kill the rat!
A ball python comes into view.
The hobgoblin hits you but does no damage.
You hit the hobgoblin.
The hobgoblin is almost dead.
The hobgoblin hits you but does no damage.
You hit the hobgoblin but do no damage.
The hobgoblin is severely wounded.
The hobgoblin barely misses you.
You hit the hobgoblin.
You kill the hobgoblin!
You hit the rat. The rat barely misses you.
The ball python barely misses you. x2
You hit the rat.
You kill the rat!
You hit the ball python.
The ball python bites you but does no damage.
The ball python grabs you. The ball python constricts you.
You hit the ball python.
You kill the ball python!
A rat comes into view.
The rat squeaks loudly.
You see here a hobgoblin corpse.
The rat bites you.
You hit the rat but do no damage. The rat bites you. x2
* * * LOW HITPOINT WARNING * * *
You are too injured to fight recklessly!
You are too injured to fight recklessly!
You barely miss the rat. The rat bites you but does no damage.
You hit the rat but do no damage. The rat bites you but does no damage.
You hit the rat.
You kill the rat!
Found a sling.
Found a stone staircase leading down.
You see here a +0 sling.
g - a +0 sling
There is a stone staircase leading down here.
You climb downwards.
There is a stone staircase leading up here.
You climb upwards.
There is a stone staircase leading down here.
A ball python comes into view.
Found a stone staircase leading down.
The ball python hisses angrily.
You hit the ball python.
The ball python is heavily wounded.
The ball python barely misses you. x4
You hit the ball python.
You kill the ball python!
You see here a ball python corpse.
There is a stone staircase leading down here.
You climb downwards.
The kobold shouts!
You hear a bark!
There is a stone staircase leading up here. 2 jackals come into view.
The jackal barks!
The kobold hits you with a +0 club.
A jackal comes into view.
There is a stone staircase leading up here.
You hit the kobold but do no damage.
A jackal comes into view.
The kobold hits you but does no damage.
You hit the kobold but do no damage. The kobold hits you but does no damage.
You hit the kobold but do no damage. The kobold hits you with a +0 club.
A jackal comes into view.
The kobold closely misses you.
The jackal barks!
You hit the kobold but do no damage.
You hear an angry hiss.
A jackal comes into view.
The kobold hits you with a +0 club.
* * * LOW HITPOINT WARNING * * *
You are too injured to fight recklessly!
The jackal barks!
You hit the kobold.
The kobold is severely wounded.
You hear an angry hiss.
A ball python comes into view.
The kobold barely misses you.
The ball python moves out of view.
You hear a bark!
You closely miss the kobold.
The kobold is severely wounded.
You hear a shout!
The kobold hits you with a +0 club.
* * * LOW HITPOINT WARNING * * *
You closely miss the kobold.
The kobold is severely wounded.
The kobold barely misses you.
You hit the kobold.
You kill the kobold!
You have reached level 2!
You hit the jackal.
You kill the jackal!
The jackal closely misses you.
You hit the jackal.
The jackal is almost dead.
The jackal closely misses you.
The jackal bites you but does no damage.
You barely miss the jackal.
The jackal is almost dead.
The jackal barely misses you.
You hit the jackal.
You kill the jackal!
You hit the jackal.
The jackal is heavily wounded.
You hit the jackal. The jackal closely misses you. x2
The jackal bites you but does no damage.
The jackal closely misses you.
You hit the jackal.
You kill the jackal!
You hit the jackal.
The jackal bites you but does no damage.
You slash the jackal!
You kill the jackal!
You barely miss the jackal.
The jackal bites you but does no damage.
The jackal closely misses you.
The ball python bites you but does no damage.
The ball python grabs you. The ball python constricts you.
You closely miss the jackal.
The jackal is severely wounded.
You barely miss the ball python.
The jackal bites you but does no damage.
The ball python closely misses you. The ball python constricts you.
The jackal closely misses you.
You barely miss the jackal.
The jackal is severely wounded.
You hit the ball python.
The ball python bites you but does no damage.
The ball python constricts you. The jackal bites you.
You hit the ball python.
You kill the ball python!
You barely miss the jackal. The jackal bites you.
The jackal closely misses you.
Your Axes skill increases to level 3!
You hit the jackal.
You kill the jackal!
Things that are here:
a +0 club; a jackal corpse; a jackal corpse You open the door.
There is an open door here.
A giant cockroach comes into view.
Found a scroll labelled SEMIQINT XULUB.
Found a stone staircase leading down.
Found 3 stones.
You open the door.
There is an open door here.
You hit the giant cockroach.
You kill the giant cockroach!
No target in view!
A quokka comes into view.
A quokka is nearby!
You see here a scroll labelled SEMIQINT XULUB.
h - a scroll labelled SEMIQINT XULUB The quokka closely misses you.
There is a stone staircase leading down here.
You hit the quokka.
The quokka is almost dead.
The quokka closely misses you.
You barely miss the quokka.
The quokka is almost dead.
The quokka bites you.
You completely miss the quokka.
The quokka is almost dead.
The quokka bites you.
The quokka bites you but does no damage.
You hit the quokka.
You kill the quokka!
No target in view!
No target in view!
You climb downwards.
Found a book of Callings.
There is a stone staircase leading up here.
A bat comes into view.
Found a stone staircase leading down.
The bat barely misses you.
You see here a book of Callings.
You pick up a book of Callings and begin reading...
You add the spells Summon Small Mammal, Call Canine Familiar and Summon Blazeheart Golem to your library.
The bat hits you.
You barely miss the bat. The bat completely misses you.
You barely miss the bat. The bat barely misses you.
The bat hits you but does no damage. The bat barely misses you.
You barely miss the bat. The bat hits you but does no damage.
You closely miss the bat. The bat barely misses you.
You hit the bat.
The bat is heavily wounded.
The bat closely misses you. The bat hits you but does no damage.
You barely miss the bat.
The bat is heavily wounded.
The bat hits you but does no damage.
You hit the bat but do no damage.
The bat is heavily wounded.
The bat closely misses you. The bat hits you but does no damage.
The bat barely misses you. The bat hits you but does no damage.
There is a stone staircase leading up here.
You hit the bat.
You kill the bat!
Training target 1.0 for Stealth reached!
Your Stealth skill increases to level 1!
No target in view!
Found a white potion.
There is a stone staircase leading down here.
i - a white potion WARNING: ABOUT TO ENTER EXPLORE MODE!
In explore mode, death is optional.
Once you set a character to explore mode, you can't switch back.
If you continue, your game will not be scored!
Do you really want to enter explore mode? (Confirm with "yes".)
Okay, then.
A ribbon worm comes into view.
An adder comes into view.
The ribbon worm expels a string of sticky webbing.
The stream of webbing hits you but does no damage.
You are caught in a web!
There is a web here.
The web tears apart.
The ribbon worm barely misses you.
You hit the ribbon worm.
The ribbon worm is moderately wounded.
The ribbon worm expels a string of sticky webbing.
The stream of webbing hits you but does no damage.
You are caught in a web!
The web tears apart.
The ribbon worm misses you.
You hit the ribbon worm.
The ribbon worm is moderately wounded.
You hit the adder. The adder closely misses you.
The ribbon worm bites you but does no damage.
The adder closely misses you.
You hit the adder.
The adder is heavily wounded.
You hit the ribbon worm. The adder bites you.
The ribbon worm barely misses you.
You barely miss the adder.
The adder is heavily wounded.
You hit the ribbon worm. The adder barely misses you.
The ribbon worm bites you. The adder bites you.
You hit the adder.
The adder is severely wounded.
You hit the ribbon worm. The adder closely misses you.
The ribbon worm expels a string of sticky webbing.
The stream of webbing hits you but does no damage.
You are caught in a web!
You struggle to detach yourself from the web.
The adder bites you.
* * * LOW HITPOINT WARNING * * *
You are too injured to fight recklessly!
You are too injured to fight recklessly!
The web tears apart.
The adder barely misses you. The ribbon worm bites you.
* * * LOW HITPOINT WARNING * * *
The adder misses you.
You hit the adder.
The adder is almost dead.
You hit the ribbon worm.
The ribbon worm bites you but does no damage.
The adder barely misses you.
You hit the adder.
You kill the adder!
You hit the ribbon worm. The ribbon worm barely misses you.
Your Armour skill increases to level 1!
You have reached level 3!
Your experience leads to an increase in your attributes!
Increase (S)trength, (I)ntelligence, or (D)exterity?
You feel stronger. x2
You hit the ribbon worm.
The ribbon worm is almost dead.
The ribbon worm expels a string of sticky webbing.
The stream of webbing hits you but does no damage.
You are caught in a web!
The web tears apart.
The ribbon worm bites you.
You die... ## #. .# #.# .## ### +S+

.. #.. #.# .# #.# ####
#.##w#####.#..... #
#.#@##.....#...# #.
#.#†##......... #.
#..##<.....####
##.#.##.......#####.#.
#....########.........
#.............>..##.#
#.#...........##.#
#.#.....####### .# #
#.......


You could see a ribbon worm (catching breath).

Vanquished Creatures
  An adder (D:3)
  3 ball pythons
  A bat (D:3)
  A giant cockroach (D:2)
  A hobgoblin (D:1)
  5 jackals (D:2)
  A kobold (D:2)
  A quokka (D:2)
  3 rats (D:1)
17 creatures vanquished.

Notes
Turn   | Place    | Note
-------+----------+-------------------------------------------
     0 | D:1      | jagoly the Gargoyle Monk began the quest for the Orb.
     0 | D:1      | Reached XP level 1. HP: 14/14 MP: 1/1
   102 | D:2      | Reached XP level 2. HP: 9/19 MP: 2/2
   163 | D:3      | Reached skill level 1 in Stealth
   195 | D:3      | Reached skill level 1 in Armour
   195 | D:3      | Reached XP level 3. HP: 5/23 MP: 3/3
   196 | D:3      | Slain by a ribbon worm

Illustrated notes

Levels and vault maps discovered:
D:1:      tarquinn_simple_flora_water_a, layout_rooms, minmay_tromino_mix6
D:2:      layout_basic, uniq_jessica
D:3:      layout_basic, interstate_on_off

Skill      XL: |  1  2 |
---------------+-------+-----
Axes           | 3 |  3.1
Stealth        | 1 |  1.0
Armour         | 1 |  1.0
Fighting       | |  3.5
Dodging        | |  2.6

Action                     || total
---------------------------++-------
  Melee: Hand axe          ||    54
 Armour: Robe              ||    43
  Dodge: Dodged            ||    43
